 Dungeon Crawl Stone Soup version 0.31-a0-506-g3d79149578 (console) character file.

Game seed: 3649748714335020021

6010 Lexodia the Basher (level 10, -9/98 HPs)
             Began as an Ogre Gladiator on Aug 9, 2023.
             Was a Priest of Okawaru.
             Mangled by a vampire (11 damage)
             ... on level 9 of the Dungeon.
             The game lasted 00:26:19 (12280 turns).

Lexodia the Basher (Ogre Gladiator)                Turns: 12280, Time: 00:26:20

Health: -9/98      AC:  7    Str: 24    XL:     10   Next: 86%
Magic:  9/11       EV: 17    Int:  9    God:    Okawaru [***...]
Gold:   540        SH:  0    Dex: 10    Spells: 9/9 levels left

rFire   . . .        M - +6 club
rCold   + + +        (no shield)
rNeg    + . .        J - +4 skin of Zhor {*Englaciate rC+++ SInv}
rPois   .            c - +0 hat
rElec   .            (no cloak)
rCorr   .            (gloves unavailable)
SInv    +            (boots unavailable)
Will    +....        (no amulet)
Stlth   +++          f - ring of positive energy
HPRegen 0.36/turn    F - +5 ring of evasion
MPRegen 0.12/turn

%: no passive effects
@: lethally poisoned (-9 -> -10), heroic
A: large, unfitting armour, tough skin 1, cold resistance 1
a: Renounce Religion, Heroism


You were on level 9 of the Dungeon.
You worshipped Okawaru.
Okawaru was most pleased with you.
You visited 2 branches of the dungeon, and saw 10 of its levels.
You also visited: Bailey.

You collected 798 gold pieces.
You spent 258 gold pieces at shops.

Inventory:

Hand Weapons
 a - a +0 flail
 w - a +0 whip of venom
 C - a +0 mace of protection
 L - a +2 whip of flaming
 M - a +6 club (weapon)
Missiles
 d - 3 throwing nets
 e - a large rock
 j - 31 javelins (quivered)
 l - 92 stones
 p - 5 boomerangs
 u - 4 atropa-tipped darts
 G - 8 poisoned darts
 K - 2 silver javelins
Armour
 c - a +0 hat (worn)
 r - the +3 robe "Ysix" {Archmagi}
   (You found it on level 5 of the Dungeon)

   Archmagi:  It increases the power of your magical spells.
 J - the +4 skin of Zhor (worn) {*Englaciate rC+++ SInv}
   (You found it on level 7 of the Dungeon)

   *Englaciate: It radiates cold, occasionally slowing all nearby creatures who
   are not resistant to cold.
   rC+++:     It renders you almost immune to cold.
   SInv:      It lets you see invisible.
 N - a +0 kite shield
Jewellery
 f - a ring of positive energy (left hand)
 q - a ring of see invisible
 E - a ring of fire
 F - a +5 ring of evasion (right hand)
Wands
 k - a wand of flame (6)
 s - a wand of roots (9)
 v - a wand of mindburst (13)
 x - a wand of light (10)
 D - a wand of paralysis (24)
Scrolls
 g - 7 scrolls of teleportation
 h - 2 scrolls of identify
 i - a scroll of poison
 m - 2 scrolls of noise
 o - a scroll of fear
 y - a scroll of fog
 z - a scroll of blinking
 H - 3 scrolls of enchant weapon
 O - a scroll of vulnerability {unknown}
Potions
 b - 2 potions of might {unknown}
 n - 2 potions of haste
 t - a potion of mutation
 A - 2 potions of resistance
 B - 2 potions of heal wounds
Miscellaneous
 I - a condenser vane


   Skills:
 - Level 6.0(11.0) Fighting
 * Level 11.6(16.6) Maces & Flails
 + Level 9.2(14.2) Throwing
 - Level 1.0(6.0) Armour
 - Level 3.0(8.0) Dodging
 - Level 2.0 Invocations


You had 9 spell levels left.
You didn't know any spells.
Your spell library contained the following spells:

 Spells                   Type           Power      Damage    Failure   Level
 Apportation              Tloc           0%         N/A       38%         1
 Cigotuvi's Dreadful Rot  Necr/Pois/Air  0%         N/A       52%         2
 Ignite Poison            Fire/Tmut/Pois 0%         N/A       77%         3
 Alistair's Intoxication  Tmut/Pois      0%         N/A       100%        5
 Freezing Cloud           Conj/Ice/Air   0%         6-21      100%        5


Dungeon Overview and Level Annotations

Branches:
Dungeon (9/15)             Temple (1/1) D:7          Bailey (visited)
   Lair: D:8-11         Orc: D:9-12

Altars:
Ashenzari
Cheibriados
Dithmenos
Elyvilon
Fedhas
Gozag
Hepliaklqana
Makhleb
Okawaru
Qazlal
Ru
Sif Muna
Trog
Uskayaw
Vehumet
Wu Jian
Xom
Yredelemnul
Zin
The Shining One

Shops:
D:4 [*


Innate Abilities, Weirdness & Mutations

You are too large for most types of armour.
You have tough skin. (AC +1)
Your flesh is cold resistant. (rC+)


Message History

The wraith attacks as you move away! The wraith misses you.
You radiate an aura of cold.
The vampire is unaffected.
The kobold seems to slow down.
The kobold brigand seems to slow down.
The kobold seems to slow down.
The wraith is unaffected.
The kobold seems to slow down.
The wraith barely misses you.
The vampire hits you but does no damage.
The vampire bites you but does no damage.
The wraith attacks as you move away! The wraith barely misses you.
You radiate an aura of cold.
The vampire is unaffected.
The kobold seems to slow down.
The kobold brigand seems to slow down.
The kobold seems to slow down.
The wraith is unaffected.
Found a scroll of identify.
The kobold throws a poisoned dart.
The poisoned dart closely misses the vampire.
The poisoned dart hits you!
You are poisoned.
The wraith barely misses you. The vampire hits you. The vampire bites you!
The vampire draws strength from your injuries!
Huge Dmg: -12%(-12hp) hp: 34%(33hp)
You feel very sick.
Damage: -3%(-3hp) hp: 31%(30hp)
You radiate an aura of cold.
The vampire is unaffected.
You feel sick. The vampire closely misses you.
The vampire bites you but does no damage.
Damage: -1%(-1hp) hp: 30%(29hp)
You feel sick.
Damage: -2%(-2hp) hp: 28%(27hp)
You feel yourself speed up.
You feel sick. The vampire hits you!
* * * LOW HITPOINT WARNING * * *
The vampire bites you.
* * * LOW HITPOINT WARNING * * *
The vampire draws strength from your injuries!
Huge Dmg: -13%(-13hp) hp: 15%(14hp)
Okay, then.
You gain the combat prowess of a mighty hero.
You can no longer speed up your combat.
You feel sick. The vampire hits you!
* * * LOW HITPOINT WARNING * * *
The vampire bites you!
You die...

.....K.......#
.# ....W..#
#.#.# .# #<)#
#.#.####.#
#.K###..K..K..#
#.....K....K.##
#.>#####.###.#
#..# #.# #W#
#..# #.# #V#
#... #.# #@#
..#. ..# #.#
##. . ### #?.
## ####


You could see a vampire (invisible), a wraith, a kobold brigand (slow) and a
kobold (slow).

Vanquished Creatures
  Pikel (D:4)
  3 rime drakes (D:7)
  Grinder (D:3)
  2 wyverns
  An acid dragon (D:8)
  2 water moccasins (D:8)
  Duvessa (D:4)
  A sky beast (D:8)
  12 orc warriors (Bailey)
  3 ogres
  15 centaurs
  A lemure (D:4)
  4 scorpions
  A gnoll sergeant (D:8)
  Dowan (D:4)
  4 killer bees (D:5)
  2 hounds (D:5)
  3 jellies
  2 orc priests
  2 sleepcaps
  Terence (D:3)
  An iguana (D:5)
  Ijyb (D:4)
  4 orc wizards
  Robin (D:3)
  6 gnolls
  3 adders
  An ufetubus (D:5)
  2 worms (D:2)
  3 dart slugs
  38 orcs
  8 bats
  6 endoplasms
  4 giant cockroaches
  21 goblins
  12 hobgoblins
  4 jackals (D:3)
  7 kobolds
  2 quokkas
  5 ball pythons
  4 frilled lizards
  8 rats
204 creatures vanquished.

Vanquished Creatures (others)
  A goblin (D:3)
1 creature vanquished.

Grand Total: 205 creatures vanquished

Notes
Turn   | Place    | Note
-------+----------+-------------------------------------------
     0 | D:1      | Lexodia the Ogre Gladiator began the quest for the Orb.
     0 | D:1      | Reached XP level 1. HP: 22/22 MP: 1/1
   171 | D:1      | Reached XP level 2. HP: 31/31 MP: 2/2
   451 | D:1      | You fall into a shaft and drop 1 floor!
   530 | D:2      | Reached skill level 3 in Maces & Flails
   530 | D:2      | Reached XP level 3. HP: 32/37 MP: 3/3
   655 | D:2      | Huge Dmg: 13 dmg
   825 | D:2      | Huge Dmg: 10 dmg
   848 | D:2      | Huge Dmg: 8 dmg
   850 | D:2      | Huge Dmg: 7 dmg
   853 | D:2      | Huge Dmg: 4 dmg
  1199 | D:1      | Reached XP level 4. HP: 46/48 MP: 4/4
  1414 | D:3      | Noticed Robin
  1438 | D:3      | Huge Dmg: 13 dmg
  1443 | D:2      | Huge Dmg: 4 dmg
  1579 | D:3      | Killed Robin
  1975 | D:3      | Reached skill level 1 in Armour
  1994 | D:3      | Huge Dmg: 13 dmg
  1995 | D:3      | Reached XP level 5. HP: 25/55 MP: 5/5
  1999 | D:3      | Huge Dmg: 4 dmg
  2003 | D:3      | Huge Dmg: 4 dmg
  2004 | D:3      | Huge Dmg: 4 dmg
  2018 | D:3      | Huge Dmg: 2 dmg
  2070 | D:3      | Huge Dmg: 8 dmg
  2071 | D:3      | Huge Dmg: 3 dmg
  2071 | D:3      | HP: 2/55 [rat (2)]
  2072 | D:3      | Huge Dmg: 1 dmg
  2100 | D:4      | Huge Dmg: 3 dmg
  2581 | D:3      | Noticed Grinder
  2585 | D:3      | Paralysed by Grinder for 3 turns
  2593 | D:3      | Huge Dmg: 7 dmg
  2600 | D:3      | Killed Grinder
  2601 | D:3      | Reached skill level 5 in Fighting
  2601 | D:3      | Reached skill level 4 in Maces & Flails
  2601 | D:3      | Reached XP level 6. HP: 21/67 MP: 6/6
  2898 | D:3      | Noticed Terence
  2916 | D:3      | Killed Terence
  3629 | D:4      | Found Urghacvaoch's Antique Armour Boutique.
  3641 | D:4      | Found Oclor's General Store.
  3650 | D:4      | Bought a scroll of fog for 48 gold pieces
  3650 | D:4      | Bought a scroll of blinking for 90 gold pieces
  3650 | D:4      | Bought a potion of resistance for 120 gold pieces
  3851 | D:4      | Noticed Pikel
  3860 | D:5      | Entered Level 5 of the Dungeon
  3875 | D:5      | Huge Dmg: 17 dmg
  3877 | D:5      | Huge Dmg: 9 dmg
  3878 | D:5      | Reached XP level 7. HP: 33/75 MP: 7/7
  4122 | D:5      | Huge Dmg: 11 dmg
  4124 | D:5      | Huge Dmg: 9 dmg
  4127 | D:5      | Huge Dmg: 6 dmg
  4133 | D:5      | Huge Dmg: 6 dmg
  4134 | D:5      | Reached skill level 5 in Maces & Flails
  4135 | D:5      | Huge Dmg: 3 dmg
  4420 | D:5      | Huge Dmg: 7 dmg
  4420 | D:5      | Gained mutation: Your flesh is cold resistant. (rC+)
                  | [potion of mutation]
  4449 | D:5      | Huge Dmg: 8 dmg
  4696 | D:5      | Reached skill level 6 in Maces & Flails
  4838 | D:5      | Huge Dmg: 17 dmg
  4841 | D:5      | Reached XP level 8. HP: 47/83 MP: 8/8
  5057 | D:5      | Huge Dmg: 25 dmg
  5061 | D:5      | Reached skill level 5 in Throwing
  5523 | D:5      | Reached skill level 7 in Maces & Flails
  5597 | D:5      | Identified the +3 robe "Ysix" {Archmagi}
  5659 | D:5      | Found a shimmering altar of Xom.
  6113 | D:4      | Noticed Duvessa
  6273 | D:6      | Found a glowing silver altar of Zin.
  6273 | D:6      | Found a snail-covered altar of Cheibriados.
  7144 | D:7      | Found a staircase to the Ecumenical Temple.
  7153 | Temple   | Entered the Ecumenical Temple
  7169 | Temple   | Became a worshipper of Warmaster Okawaru
  7286 | D:7      | Huge Dmg: 10 dmg
  7290 | D:7      | Reached skill level 1 in Invocations
  7331 | D:7      | Noticed a wyvern
  7337 | D:7      | Huge Dmg: 9 dmg
  7344 | D:7      | Huge Dmg: 14 dmg
  7346 | D:7      | Huge Dmg: 6 dmg
  7346 | D:7      | Killed a wyvern
  7566 | D:7      | Noticed a rime drake
  7566 | D:7      | Found the +4 skin of Zhor {*Englaciate rC+++ SInv}
  7566 | D:7      | Noticed a rime drake
  7646 | D:7      | Found a radiant altar of Vehumet.
  7648 | D:7      | Found a hazy altar of Hepliaklqana.
  7664 | D:7      | Noticed a rime drake
  7744 | D:7      | Found a flagged portal.
  7751 | Bailey   | Entered a bailey
  7756 | Bailey   | Reached XP level 9. HP: 89/89 MP: 10/10
  7777 | Bailey   | Reached skill level 8 in Maces & Flails
  7821 | Bailey   | Huge Dmg: 33 dmg
  7985 | Bailey   | Huge Dmg: 12 dmg
  7989 | Bailey   | Huge Dmg: 13 dmg
  7993 | Bailey   | Huge Dmg: 11 dmg
  8002 | Bailey   | Reached * piety under Okawaru
  8006 | Bailey   | Huge Dmg: 7 dmg
  8265 | Bailey   | Huge Dmg: 26 dmg
  8276 | Bailey   | Huge Dmg: 13 dmg
  8521 | Bailey   | Huge Dmg: 9 dmg
  8522 | Bailey   | Huge Dmg: 7 dmg
  8523 | Bailey   | Huge Dmg: 6 dmg
  8524 | Bailey   | Reached skill level 9 in Maces & Flails
  8869 | Bailey   | Reached ** piety under Okawaru
  9163 | Bailey   | Huge Dmg: 23 dmg
  9171 | Bailey   | Reached skill level 10 in Maces & Flails
  9171 | Bailey   | Reached XP level 10. HP: 64/98 MP: 8/11
  9284 | Bailey   | Huge Dmg: 18 dmg
  9288 | Bailey   | Huge Dmg: 9 dmg
  9337 | Bailey   | Huge Dmg: 10 dmg
  9344 | Bailey   | Huge Dmg: 9 dmg
  9967 | D:7      | Reached *** piety under Okawaru
 10390 | D:4      | Noticed Dowan
 10407 | D:4      | Killed Duvessa
 10422 | D:4      | Killed Dowan
 10508 | D:4      | Noticed Ijyb
 10519 | D:4      | Killed Ijyb
 10520 | D:4      | Killed Pikel
 10521 | D:4      | Reached skill level 11 in Maces & Flails
 11574 | D:8      | Huge Dmg: 23 dmg
 11587 | D:8      | Huge Dmg: 15 dmg
 11898 | D:8      | Reached **** piety under Okawaru
 12272 | D:9      | Huge Dmg: 14 dmg
 12276 | D:9      | Huge Dmg: 12 dmg
 12280 | D:9      | Huge Dmg: 13 dmg
 12280 | D:9      | HP: 2/98 [vampire (11)]
 12280 | D:9      | Mangled by a vampire

Illustrated notes

Levels and vault maps discovered:
D:1:      spicycebolla_arrival_ecumenical, layout_basic
D:2:      cheibrodos_greedy_goblins, layout_rooms
D:3:      layout_loops_cross, portal_sewer_entry_d, hex_medium,
          minmay_joined_circles, uniq_robin, uniq_terence, uniq_grinder
D:4:      layout_layer_cave, serial_shops, nicolae_shop_stone, shop, uniq_ijyb,
          uniq_pikel, uniq_duvessa
D:5:      layout_loops_corners, kennysheep_mini
D:6:      layout_basic, mainiacjoe_overflow_large_starburst
D:7:      layout_basic, nicolae_overflow_hidden_temple,
          minmay_temple_entry_slanted, enter_bailey_2,
          hellmonk_guarded_unrand_zhor
D:8:      layout_loops_corners
D:9:      layout_loops_ring, lair_entry_dummy, kb_rosetta, uniq_psyche
Temple:   nicolae_temple_superstar

Skill      XL: |  1  2  3  4  5  6  7  8  9 10 |
---------------+-------------------------------+-----
Fighting       | 3 4 5 6 |  6.0
Maces & Flails | 3 4 6 7 10 11 | 11.6
Dodging        | 3 |  3.0
Armour         | 1 |  1.0
Throwing       | 3 4 6 7 9 |  9.2
Invocations    | 1 2 |  2.0

Action                     |  1- 3 |  4- 6 |  7- 9 | 10-12 || total
---------------------------+-------+-------+-------+-------++-------
  Melee: Flail             |   127 |   200 |       |       ||   327
         Punch             |     1 |     1 |     6 |     3 ||    11
         Whip              |       |    11 |   288 |    59 ||   358
         Mace              |       |       |     2 |    58 ||    60
         Club              |       |       |       |    36 ||    36
  Throw: Boomerang         |       |     5 |   130 |    23 ||   158
         Throwing net      |       |     1 |     5 |       ||     6
         Javelin           |       |     1 |     1 |    12 ||    14
         Dart              |       |       |    19 |     2 ||    21
 Invoke: Heroism           |       |       |     1 |     5 ||     6
  Evoke: Wand              |       |       |     1 |     1 ||     2
    Use: Potion            |       |       |     7 |       ||     7
         Scroll            |       |       |     6 |       ||     6
   Stab: Held in net/web   |       |     1 |     1 |       ||     2
         Invisible         |       |       |     1 |       ||     1
 Armour: Robe              |    53 |    70 |    65 |    23 ||   211
         Skin              |       |       |    36 |       ||    36
         Animal skin       |       |       |       |    17 ||    17
  Dodge: Dodged            |    81 |   126 |   154 |    96 ||   457

Table legend: (Time is in decaauts)
 A = Elapsed time spent in this place.
 B = Non-inter-level travel time spent in this place.
 C = Inter-level travel time spent in this place.
 D = Time resting spent in this place.
 E = Time spent auto-exploring this place.
 F = Levels seen in this place.
 G = Mean time per level.
                   A        B        C        D        E       F      G
               +--------+--------+--------+--------+--------+-----+--------+
         Total |  12211 |  11419 |    792 |    780 |   8482 |  11 | 1110.1 |
       Dungeon |  10098 |   9336 |    762 |    557 |   7136 |   9 | 1122.0 |
        Temple |     32 |      2 |     30 |      0 |      0 |   1 |   32.0 |
        Bailey |   2080 |   2080 |      0 |    223 |   1346 |   1 | 2080.0 |
               +--------+--------+--------+--------+--------+-----+--------+

Top non-repeatable levels by time:
  Bailey: 2080 daAuts
     D:5: 2031 daAuts
     D:4: 1718 daAuts
     D:3: 1537 daAuts
     D:7: 1138 daAuts
     D:8: 1125 daAuts
     D:6: 937 daAuts
     D:2: 831 daAuts
     D:1: 752 daAuts
  Temple: 32 daAuts
     D:9: 24 daAuts
